 Dungeon Crawl Stone Soup version 0.32-a0-5-gbffa963729 (webtiles) character file.

Game seed: 14677978107307976635

365 seren the Insei (level 6, 0/41 HPs)
             Began as an Octopode Shapeshifter on Jan 13, 2024.
             Slain by an adder (2 damage)
             ... on level 4 of the Dungeon.
             The game lasted 00:09:30 (2846 turns).

seren the Insei (Octopode Shapeshifter)             Turns: 2846, Time: 00:09:30

Health: 0/41       AC:  1    Str: 13    XL:     6   Next: 68%
Magic:  6/6        EV: 14    Int: 12    God:
Gold:   229        SH:  0    Dex: 14    Spells: 5/5 levels left

rFire   . .          .
                       - Unarmed
rCold   . . .        (no shield)
rNeg    . . .        q - melded +2 hat
rPois   .            (no amulet)
rElec   .            (no ring)
rCorr   .            (no ring)
SInv    .            (no ring)
Will    .....        (no ring)
Stlth   +++          (no ring)
HPRegen 0.26/turn    (no ring)
MPRegen 0.10/turn    (no ring)
                     (no ring)

%: no passive effects
@: lethally poisoned (0 -> -4), beast-form
A: beast (slay +2), almost no armour, amphibious, 8 rings, camouflage 1,
gelatinous body 1, (nimble swimmer 1), tentacles
a: Begin Untransformation


You were on level 4 of the Dungeon.
You were a hulking beast.
You visited 1 branch of the dungeon, and saw 4 of its levels.

You collected 229 gold pieces.

Inventory:

Hand Weapons
 d - a +1 mace of draining
 o - a +2 whip of pain
Missiles
 e - 6 boomerangs (quivered)
 n - 6 poisoned darts
 s - 5 stones
Armour
 q - a +2 hat (melded)
Talismans
 b - a beast talisman (active)
 c - a flux talisman
Scrolls
 a - a scroll of enchant armour
 f - a scroll of amnesia
 j - a scroll of silence {unknown}
 p - a scroll of fear {unknown}
 r - 2 scrolls of blinking {unknown}
 t - a scroll of fog {unknown}
 v - a scroll of enchant weapon {unknown}
Potions
 g - a potion of enlightenment {unknown}
 i - a potion of brilliance {unknown}
 m - a potion of ambrosia {unknown}
 u - a potion of mutation {unknown}


   Skills:
 + Level 2.9 Fighting
 + Level 3.5 Dodging
 + Level 3.7 Stealth
 + Level 4.2 Unarmed Combat
 + Level 4.0 Shapeshifting


You had 5 spell levels left.
You didn't know any spells.
Your spell library contained the following spells:

 Spells                   Type           Power      Damage    Failure   Level
 Slow                     Hex            0%         N/A       32%         1
 Confusing Touch          Hex            0%         N/A       69%         3
 Sigil of Binding         Hex            0%         N/A       69%         3
 Vampiric Draining        Necr           0%         2d6       69%         3


Dungeon Overview and Level Annotations

Branches:
Dungeon (4/15)
 Temple: D:4-7

Altars:
Fedhas
Qazlal

Annotations:
D:4 Menkaure


Innate Abilities, Weirdness & Mutations

You are a hulking beast.
Your limbs bulge with bestial killing power. (Slay +2)
You cannot wear most types of armour.
You are amphibious.
You can wear up to eight rings at the same time.
Your skin changes colour to match your surroundings (Stealth+).
Your rubbery body absorbs attacks. (AC +1, EV +1)
((You are camouflaged when in or above water. (Stealth+)))
You have tentacles for arms and can constrict up to eight enemies at once.


Message History

You barely resist. You tentacle-slap Grinder. You grab Grinder.
Grinder is heavily wounded.
You constrict Grinder. Grinder hits you!
* * * LOW HITPOINT WARNING * * *
You writhe in agony.
* * * LOW HITPOINT WARNING * * *
You tentacle-slap Grinder but do no damage.
You squeeze Grinder.
Grinder is severely wounded.
You constrict Grinder, but do no damage.
Grinder closely misses you.
You bludgeon Grinder!
Grinder is almost dead.
You constrict Grinder. Grinder misses you.
You tentacle-slap Grinder but do no damage.
You squeeze Grinder.
Grinder is almost dead.
You constrict Grinder.
You feel better.
You constrict Grinder.
You kill Grinder!
The adder bites you.
* * * LOW HITPOINT WARNING * * *
Your Stealth skill increases to level 3!
Your Unarmed Combat skill increases to level 4!
Your Shapeshifting skill increases to level 4!
You have reached level 6!
You miss the adder. Your grab misses the adder. The adder closely misses you.
The adder misses you.
You tentacle-slap the adder. Your grab misses the adder.
The adder is moderately wounded.
The adder bites you.
* * * LOW HITPOINT WARNING * * *
You are lethally poisoned!
The adder poisons you!
You barely miss the adder. Your grab misses the adder. You squeeze the adder.
The adder is heavily wounded.
* * * LOW HITPOINT WARNING * * *
You feel sick. The adder bites you.
You die...

#.## #r## #M## ..## ####
####### ######## #
#...###.#...###...# #
#..#...#.#.#..#.###.# #
......S#....##..###.####
#..)h#^..#...#.......
..................######
###################


You could see an adder.

Vanquished Creatures
  Grinder (D:4)
  A bombardier beetle (D:3)
  6 adders
  A dart slug (D:3)
  2 ribbon worms
  An orc (D:2)
  8 endoplasms
  4 giant cockroaches
  4 goblins
  8 hobgoblins
  5 jackals
  8 kobolds
  6 quokkas
  6 ball pythons
  4 bats
  4 frilled lizards
  3 rats
72 creatures vanquished.

Notes
Turn   | Place    | Note
-------+----------+-------------------------------------------
     0 | D:1      | seren the Octopode Shapeshifter began the quest for the
                  | Orb.
     0 | D:1      | Reached XP level 1. HP: 13/13 MP: 1/1
   116 | D:1      | Reached XP level 2. HP: 18/18 MP: 2/2
   537 | D:1      | Reached XP level 3. HP: 23/23 MP: 3/3
   717 | D:1      | Reached skill level 1 in Stealth
  1003 | D:2      | Reached XP level 4. HP: 4/29 MP: 4/4
  1801 | D:3      | Found a stormy altar of Qazlal.
  1958 | D:3      | Reached XP level 5. HP: 31/34 MP: 5/5
  2213 | D:3      | Found a blossoming altar of Fedhas.
  2715 | D:4      | Noticed Menkaure
  2828 | D:4      | Noticed Grinder
  2839 | D:4      | HP: 1/35 [Grinder (6)]
  2843 | D:4      | Killed Grinder
  2844 | D:4      | Reached XP level 6. HP: 7/41 MP: 6/6
  2846 | D:4      | HP: 2/41 [poisoned by an adder]
  2846 | D:4      | Slain by an adder

Illustrated notes

Levels and vault maps discovered:
D:1:      minmay_arrival_four_loops, layout_basic
D:2:      layout_basic, minmay_misc_feat_iff
D:3:      layout_basic, fedhas_altar_fruit_tree,
          nicolae_qazlal_eye_of_the_storm, minmay_vboxes
D:4:      cheibrodos_greedy_goblins, layout_basic, minmay_misc_feat_rugged,
          uniq_grinder, uniq_pikel, uniq_menkaure

Skill      XL: |  1  2  3  4  5 |
---------------+----------------+-----
Stealth        | 1 2 3 |  3.7
Fighting       | 2 |  2.9
Dodging        | 3 |  3.5
Unarmed Combat | 4 |  4.2
Shapeshifting  | 4 |  4.0

Action                     |  1- 3 |  4- 6 || total
---------------------------+-------+-------++-------
  Melee: Unarmed           |    49 |    82 ||   131
         Constrict         |     9 |    23 ||    32
         Tentacles         |     5 |    20 ||    25
         Punch             |       |     4 ||     4
Ability: Begin Untransform |       |     2 ||     2
    Use: Potion            |     1 |     3 ||     4
         Scroll            |       |     4 ||     4
   Stab: Sleeping          |     8 |     9 ||    17
         Distracted        |       |     1 ||     1
 Armour: Skin              |    27 |    33 ||    60
  Dodge: Dodged            |    28 |    40 ||    68
   Form: Beast             |     1 |     2 ||     3

Table legend: (Time is in decaauts)
 A = Elapsed time spent in this place.
 B = Non-inter-level travel time spent in this place.
 C = Inter-level travel time spent in this place.
 D = Time resting spent in this place.
 E = Time spent auto-exploring this place.
 F = Levels seen in this place.
 G = Mean time per level.
                   A        B        C        D        E       F      G
               +--------+--------+--------+--------+--------+-----+--------+
         Total |   2837 |   2802 |     35 |    266 |   1781 |   4 |  709.2 |
       Dungeon |   2837 |   2802 |     35 |    266 |   1781 |   4 |  709.2 |
               +--------+--------+--------+--------+--------+-----+--------+

Top non-repeatable levels by time:
     D:1: 927 daAuts
     D:2: 853 daAuts
     D:3: 818 daAuts
     D:4: 238 daAuts
